Map: Deathaura LE

Players

DRG

  • Race: Zerg Zerg
  • Spawn Location: 11:00

soul - Winner!

  • Race: Terran Terran
  • Spawn Location: 5:00

Event: StayAtHome Story Cup #3

VOD

Have the link to the VOD?

Description

Time

  • Played on: March 12, 2021, 7:26 a.m.
  • Length: 8:20

All games in this series

Show
View Real Time Build Order
Export as new Build Order

DRG Zerg 

Build Orders: Hatch First 

Get SALT Encoding   

  12  0:01  Drone  
  13  0:12  Overlord  
  13  0:17  Drone  
  14  0:30  Drone x2  
  16  0:48  Hatchery  
  15  0:51  Drone  
  15  0:55  Drone  
  17  0:58  Drone  
  18  1:14  Spawning Pool  
  18  1:16  Drone  
  18  1:20  Drone  
  19  1:28  Drone  
  20  1:39  Drone  
  21  1:42  Extractor  
  20  1:49  Drone  
  21  2:01  Queen x2, Zergling x2  
  21  2:02  Zergling x2  
  27  2:11  Overlord  
  27  2:12  Drone  
  28  2:20  Hatchery  
  27  2:23  Drone  
  28  2:30  Drone  
  28  2:33  Drone x2  
  31  2:39  Queen  
  33  2:45  Pneumatized Carapace  
  33  2:50  Overlord  
  33  2:54  Drone  
  33  2:56  Drone  
  36  2:58  Drone  
  36  3:05  Overlord  
  36  3:10  Drone x2  
  36  3:11  Drone  
  39  3:13  Drone  
  39  3:18  Queen  
  42  3:22  Metabolic Boost  
  42  3:27  Drone x2  
  42  3:29  Drone  
  45  3:34  Queen  
  45  3:39  Drone  
  48  3:42  Drone  
  48  3:44  Drone x2  
  48  3:47  Overlord  
  51  3:50  Drone x2  
  51  3:54  Drone x3  
  56  3:58  Overlord  
  56  4:01  Queen  
  58  4:05  Overlord  
  58  4:10  Queen  
  58  4:13  Drone x2  
  58  4:16  Overlord  
  62  4:19  Drone x3  
  62  4:21  Drone  
  62  4:24  Drone x2  
  68  4:28  Drone x3  
  68  4:30  Spore Crawler  
  70  4:31  Spore Crawler  
  70  4:36  Spore Crawler  
  70  4:37  Lair  
  68  4:40  Queen  
  68  4:42  Drone  
  68  4:43  Drone  
  68  4:44  Drone  
  73  4:49  Drone  
  73  4:51  Drone x5  
  79  4:54  Extractor x2, Drone  
  79  4:55  Drone  
  79  4:56  Drone  
  80  5:00  Drone x2  
  80  5:02  Overlord  
  80  5:04  Queen  
  84  5:07  Extractor  
  84  5:08  Extractor  
  84  5:09  Extractor  
  84  5:10  Drone x4  
  84  5:12  Drone  
  86  5:14  Overlord  
  86  5:16  Drone  
  85  5:23  Drone  
  85  5:24  Drone  
  85  5:25  Drone  
  85  5:26  Drone  
  86  5:29  Drone  
  86  5:33  Drone  
  88  5:37  Spire  
  88  5:38  Drone x3  
  88  5:39  Drone x3  
  90  5:48  Zergling x4  
  92  5:52  Baneling Nest  
  92  5:55  Hatchery  
  90  5:58  Zergling x10  
  90  6:03  Overlord  
  95  6:06  Zergling x2  
  95  6:07  Zergling x4  
  95  6:11  Zergling x4  
  100  6:16  Overlord x2  
  100  6:17  Overlord  
  100  6:21  Overlord  
  100  6:25  Zergling x10  
  106  6:27  Hatchery  
  104  6:34  Overlord  
  104  6:38  Zergling x10  
  100  6:51  Mutalisk x6  
  111  6:58  Mutalisk  
  111  7:02  Mutalisk x2  
  111  7:05  Drone x2  
  115  7:09  Zergling x4  
  115  7:13  Mutalisk  
  119  7:22  Mutalisk x2  
  123  7:31  Zergling x2, Evolution Chamber  
  123  7:32  Evolution Chamber  
  123  7:33  Zergling x2  
  123  7:38  Hatchery  
  123  7:40  Zergling x2  
  122  7:46  Zergling x2  
  122  7:47  Zergling x2  
  121  7:51  Baneling x6  
  121  7:53  Zergling x8  
  121  7:57  Zergling x2  
Show
View Real Time Build Order
Export as new Build Order

soul Terran - Winner!

Build Orders:  

Get SALT Encoding   

  12  0:00  SCV  
  13  0:12  SCV  
  14  0:17  Supply Depot  
  14  0:24  SCV  
  15  0:38  SCV  
  15  0:40  Barracks  
  16  0:44  Refinery  
  16  0:50  SCV  
  17  1:02  SCV  
  18  1:15  SCV  
  19  1:27  Marine  
  19  1:28  Orbital Command  
  20  1:39  Command Center  
  20  1:50  Factory  
  20  1:53  SCV  
  21  1:59  Refinery  
  21  2:03  Barracks Reactor  
  21  2:05  SCV  
  22  2:11  Supply Depot  
  22  2:18  SCV  
  23  2:32  SCV  
  23  2:33  Starport  
  24  2:38  Marine x2  
  26  2:44  SCV  
  26  2:50  Orbital Command  
  27  2:56  SCV, Marine  
  29  2:59  Supply Depot  
  29  3:05  Marine  
  30  3:11  Fusion Core  
  30  3:12  Starport Tech Lab  
  30  3:15  SCV  
  30  3:18  Marine  
  32  3:20  SCV  
  32  3:25  Marine  
  34  3:27  SCV  
  34  3:32  SCV  
  36  3:35  Marine  
  37  3:42  SCV  
  37  3:43  Supply Depot  
  37  3:45  SCV, Marine  
  40  3:55  SCV  
  42  3:58  SCV  
  42  4:00  Battlecruiser  
  49  4:07  SCV  
  49  4:13  Barracks Tech Lab  
  49  4:14  Command Center  
  49  4:16  SCV  
  50  4:19  SCV  
  50  4:20  Supply Depot  
  51  4:28  SCV, Barracks  
  51  4:31  Stimpack  
  52  4:32  Factory Reactor  
  52  4:34  Marine  
  52  4:36  SCV  
  54  4:39  Barracks  
  54  4:41  SCV  
  55  4:48  SCV  
  55  4:50  Engineering Bay  
  55  4:52  Engineering Bay, Marine  
  57  4:54  SCV  
  57  4:55  Refinery  
  57  4:59  Supply Depot  
  58  5:00  SCV  
  58  5:06  SCV  
  60  5:10  Refinery, Marine  
  60  5:13  SCV  
  62  5:15  Marine, Medivac x2  
  62  5:17  Marine  
  68  5:26  SCV  
  68  5:27  Barracks Reactor, Marine  
  70  5:28  Orbital Command  
  70  5:32  SCV  
  70  5:33  Marine  
  70  5:35  Marine  
  73  5:38  SCV  
  74  5:44  SCV  
  74  5:45  Marine  
  74  5:46  Terran Infantry Armor Level 1, Terran Infantry Weapons Level 1  
  76  5:51  Marine  
  76  5:52  Orbital Command  
  76  5:53  Marine  
  76  5:54  Factory Reactor  
  76  5:57  SCV x2  
  80  6:02  Supply Depot  
  80  6:03  Marine, Supply Depot  
  81  6:05  Marine x2  
  81  6:07  Supply Depot  
  81  6:09  SCV, Marine  
  81  6:10  Combat Shield  
  85  6:18  Barracks  
  85  6:19  SCV x2  
  85  6:20  Barracks  
  85  6:22  Marine  
  88  6:28  Medivac x2  
  88  6:30  SCV  
  93  6:34  Marine x4  
  95  6:40  Marine  
  95  6:41  SCV x2  
  95  6:44  SCV  
  95  6:45  Supply Depot x2  
  99  6:50  Widow Mine x2  
  99  6:52  Marine x2  
  99  6:53  SCV  
  106  6:55  SCV  
  107  7:04  Armory  
  107  7:05  Marine  
  107  7:09  Marine, Medivac  
  107  7:11  Barracks Reactor  
  107  7:12  Widow Mine, Barracks Reactor  
  107  7:14  SCV  
  107  7:15  SCV  
  114  7:18  SCV  
  114  7:20  Supply Depot  
  114  7:22  Widow Mine, Supply Depot  
  116  7:26  SCV  
  116  7:27  SCV, Marine  
  119  7:30  SCV  
  119  7:32  Marine x2  
  119  7:33  Marine x2  
  124  7:38  SCV  
  124  7:39  SCV  
  124  7:42  Missile Turret  
  125  7:45  Marine  
  125  7:47  Marine  
  125  7:49  Marine x2, Missile Turret  
  125  7:50  Marine x4  
  125  7:54  Marine  
Tags
 
Add a new tag
Caveats
  • Supply blocks, unpowered buildings, or Contaminate may cause inaccurate times.
  • Supply counts are checked every 10 seconds.